 Dungeon Crawl Stone Soup version 0.24-b1 (webtiles) character file.

Game seed: 10885464605855002183, levelgen mode: deterministic

35 MrRokkomies the Skirmisher (level 3, -4/33 HPs)
             Began as a Ghoul Monk on Oct 13, 2019.
             Killed from afar by Sigmund (6 damage)
             ... with a magic dart
             ... on level 2 of the Dungeon.
             The game lasted 00:02:53 (1031 turns).

MrRokkomies the Skirmisher (Ghoul Monk)             Turns: 1031, Time: 00:02:54

Health: -4/33      AC:  5    Str: 15    XL:     3   Next: 33%
Magic:  2/2        EV: 17    Int:  5    God:
Gold:   55         SH:  0    Dex: 16    Spells: 2/2 levels left

rFire    . . .     SeeInvis .     - Unarmed
rCold    + . .     Gourm    .   (no shield)
rNeg     + + +     Faith    .   e - +0 ring mail
rPois    ∞         Spirit   .   (no helmet)
rElec    .         Reflect  .   (no cloak)
rCorr    .         Harm     .   (no gloves)
MR       .....                  (no boots)
Stlth    ++........             (no amulet)
HPRegen  0.00/turn              (no ring)
MPRegen  0.08/turn              (no ring)

@: agile, rotting
A: rotting body, claws 1, carnivore, cold resistance 1, negative energy
resistance 3, inhibited regeneration, torment resistance, unbreathing
a: no special abilities


You were on level 2 of the Dungeon.
You were not hungry.

You visited 1 branch of the dungeon, and saw 2 of its levels.

You collected 55 gold pieces.

Inventory:

Missiles
 i - 27 poisoned darts (quivered)
 k - 2 throwing nets
Armour
 a - a +0 robe
 e - a +0 ring mail (worn)
Scrolls
 c - a scroll of remove curse {unknown}
 d - a scroll of random uselessness {unknown}
 f - 5 scrolls of identify {unknown}
 h - a scroll of fear {unknown}
Comestibles
 b - 4 rations
 l - 3 chunks of flesh


   Skills:
 * Level 4.1 Fighting
 - Level 2.6 Dodging
 - Level 2.1 Stealth
 * Level 4.1 Unarmed Combat


You had 2 spell levels left.
You didn't know any spells.
Your spell library was empty.

Dungeon Overview and Level Annotations

Branches:
Dungeon (2/15)

Altars:

Annotations:
D:2 Sigmund


Innate Abilities, Weirdness & Mutations

Your body is rotting away.
You thrive on raw meat.
You are immune to poison.
You have sharp fingernails.
You are carnivorous and can eat meat at any time.
Your flesh is cold resistant. (rC+)
You are immune to negative energy. (rN+++)
You do not regenerate when monsters are visible.
You are immune to unholy pain and torment.
You can survive without breathing.


Message History

The bat barely misses you.
You claw the bat!
You kill the bat!
Something barely misses you.
You closely miss something. You miss something. Something closely misses you.
You closely miss something. You barely miss something. Something hits you!
You scratch something. Something hits you!
You barely miss something. You scratch something.
You hear some strange, mumbled words.
A puff of flame appears from out of thin air!
The puff of flame hits you!
* * * LOW HITPOINT WARNING * * *
You completely miss something.
You hear some strange, mumbled words.
A magic dart appears from out of thin air!
The magic dart hits you.
You die...

................#
.........>..#.#.#
#.#.....#)..#.#.# #.
.......#...#.#.#
#..###..##.#.)...#.#
......##.##.####.#####
#........)..........
#.#.#..##..##.......
#.#@#..##..##.......
#!#{#.###..##.......
#.#w..# #..##..#####
########.#.###
#..##..#
.........#.###
##.##..#
.........)...#
#.#...###
.........#####
#.......# .........#
##......### .........#
####....†...#


You could see a worm.

Vanquished Creatures
  2 dart slugs (D:1)
  6 bats
  A giant cockroach (D:1)
  A goblin (D:2)
  5 hobgoblins
  4 jackals (D:1)
  3 frilled lizards
  2 kobolds (D:2)
  5 rats
29 creatures vanquished.

Notes
Turn   | Place    | Note
-------+----------+-------------------------------------------
     0 | D:1      | MrRokkomies the Ghoul Monk began the quest for the Orb.
     0 | D:1      | Reached XP level 1. HP: 19/19 MP: 0/0
    76 | D:1      | Reached XP level 2. HP: 24/26 MP: 1/1
   647 | D:1      | Reached XP level 3. HP: 33/33 MP: 2/2
  1006 | D:2      | Noticed Sigmund
  1031 | D:2      | Killed from afar by Sigmund

Skill      XL: |  1  2  3 |
---------------+----------+-----
Fighting       | 4 |  4.1
Unarmed Combat | 4 |  4.1
Dodging        | |  2.6
Stealth        | |  2.1

Action                   || total
-------------------------++-------
Melee: Unarmed           ||    94
  Use: Potion            ||     2
 Stab: Sleeping          ||     2
  Eat: Chunk             ||     4
Armor: Robe              ||     2
       Ring mail         ||    33
Dodge: Dodged            ||    60
